 Dungeon Crawl Stone Soup version 0.22-a0-284-g99d1f74 (webtiles) character file.

1945 grindst0ne the Martial Artist (level 9, -11/74 HPs)
             Began as a Barachi Transmuter on Mar 21, 2018.
             Was a Priest of Ru.
             Killed from afar by an electric eel (13 damage)
             ... with a bolt of electricity
             ... on level 6 of the Dungeon.
             The game lasted 00:32:01 (8001 turns).

grindst0ne the Martial Artist (Barachi Transmuter)  Turns: 8001, Time: 00:32:02

Health: -11/74     AC:  2    Str: 11    XL:     9   Next: 18%
Magic:  10/12      EV: 19    Int: 16    God:    Ru [***...]
Gold:   391        SH:  0    Dex: 19    Spells: 5/12 levels left

rFire    . . .     SeeInvis .     - Unarmed
rCold    . . .     Gourm    .   (shield unavailable)
rNeg     . . .     Faith    .   (armour currently unavailable)
rPois    .         Spirit   .   (helmet currently unavailable)
rElec    .         Reflect  .   (cloak currently unavailable)
rCorr    .         Harm     .   (gloves currently unavailable)
MR       .....                  (boots currently unavailable)
Stlth    ++........             l - amulet of magic regeneration
HPRegen  0.22/turn              (ring unavailable)
MPRegen  0.38/turn              w - ring of poison resistance

@: spider-form, drained
A: tiny, +LOS, swims, missing a hand
a: End Transformation, Draw Out Power, Renounce Religion


You were on level 6 of the Dungeon.
You worshipped Ru.
Ru was most pleased with you.
You were near starving.
You were a venomous arachnid creature.
You visited 2 branches of the dungeon, and saw 7 of its levels.
You also visited: Ossuary.

You collected 486 gold pieces.
You spent 95 gold pieces at shops.

Inventory:

Missiles
 a - 25 arrows
 r - 2 tomahawks of returning (quivered)
Armour
 c - a cursed -1 helmet (melded)
 u - a +2 leather armour of cold resistance (melded)
Jewellery
 l - an amulet of magic regeneration (around neck)
 o - an uncursed amulet of faith {unknown}
 w - a ring of poison resistance (right front leg)
 z - a cursed ring of loudness {unknown}
Wands
 f - a wand of scattershot (4)
Scrolls
 g - a scroll of teleportation
 k - 4 scrolls of magic mapping
 m - 2 scrolls of remove curse {unknown}
 n - 2 scrolls of blinking
 p - a scroll of immolation {unknown}
 q - 4 scrolls of amnesia
 v - a scroll of enchant weapon {unknown}
 y - a scroll of summoning
 A - a scroll of acquirement
Potions
 b - 3 potions of flight
 e - a potion of cancellation
 h - a potion of agility
 i - a potion of brilliance
 j - 3 potions of magic
 s - 2 potions of haste
 t - 3 potions of berserk rage
 B - 4 potions of curing
 C - 3 potions of invisibility
 D - a potion of might
Comestibles
 d - 7 rations


   Skills:
 + Level 7.9(7.3) Fighting
 - Level 2.1(1.7) Dodging
 + Level 8.0(7.4) Unarmed Combat
 - Level 2.1(1.6) Spellcasting
 + Level 7.5(7.0) Transmutations
 - Level 2.0(1.5) Poison Magic


You had 5 spell levels left.
You knew the following spells:

 Your Spells              Type           Power        Failure   Level  Hunger
a - Beastly Appendage     Tmut           ###...       6%          1    ##.....
b - Sticks to Snakes      Tmut           ###.....     8%          2    ###....
c - Spider Form           Tmut/Pois      ###.......   26%         3    ####...
d - Magic Dart            Conj           #...         43%         1    ##.....


Dungeon Overview and Level Annotations

Branches:
Dungeon (6/15)             Temple (1/1) D:5

Altars:
Cheibriados
Dithmenos
Gozag
Hepliaklqana
Kikubaaqudgha
Makhleb
Nemelex Xobeh
Okawaru
Qazlal
Ru
Sif Muna
Trog
Uskayaw
Vehumet
Wu Jian
Xom
Yredelemnul
Zin
The Shining One

Shops:
D:4 (***

Annotations:
D:4 exclusion: downstairs


Innate Abilities, Weirdness & Mutations

Shadows flee at your approach. (+LOS)
You can swim through water.
((You cover ground slowly.))
You are missing a hand.
((You can hop short distances.))


Message History

Your ball python closely misses the electric eel.
The electric eel shoots out a bolt of lightning at you!
The bolt of electricity hits your ball python.
Your ball python dies!
The bolt of electricity hits the plant.
The bolt of electricity hits you!
Things that are here:
3 chunks of flesh; an electric eel skeleton The electric eel shoots out a bolt of lightning at you!
The bolt of electricity hits you!
The bolt of electricity hits the plant.
The electric eel shoots out a bolt of lightning at you!
The bolt of electricity hits the plant.
The bolt of electricity hits you!
* * * LOW HITPOINT WARNING * * *
Things that are here:
3 chunks of flesh; an electric eel skeleton The electric eel shoots out a bolt of lightning at you!
The bolt of electricity hits the plant.
The bolt of electricity hits you!
* * * LOW HITPOINT WARNING * * *
The electric eel shoots out a bolt of lightning at you!
The bolt of electricity hits the plant.
The bolt of electricity hits you!
You die...

♣≈≈≈P≈≈≈≈≈≈≈≈≈≈≈≈≈≈≈≈≈♣≈≈
P≈≈≈≈≈P≈≈≈≈≈≈≈≈≈≈≈≈≈PP≈≈≈
≈≈≈≈≈≈≈≈≈≈≈≈≈≈≈≈≈≈≈≈≈≈≈≈≈
♣≈≈≈P≈≈≈≈≈≈≈≈≈;≈≈≈≈≈P≈P≈
♣♣≈P≈≈≈≈≈P≈≈≈≈≈≈≈≈≈♣≈≈≈;
#≈♣≈P≈≈;≈≈P≈≈≈≈≈≈≈≈P≈≈♣♣
♣P≈≈≈♣P%≈≈≈♣≈≈≈≈ ♣≈♣..
###≈≈P≈♣≈♣♣P♣♣≈≈♣♣♣≈...
#(..s≈♣≈≈♣≈♣≈P.......
#..........##........
#..........###.......
####....#### #.......
#....# #_.[.... #....#
####....
#....#########....
#....'.......#>...
#....#######.#.#'#


You could see 2 electric eels.

Vanquished Creatures
  Prince Ribbit (D:6)
  The ghost of matakusis the Caller, an amateur DESu (D:6)
  3 ice beasts (D:5)
  A phantom (D:5)
  2 centaurs (D:5)
  Blork the orc (D:6)
  A bullfrog (D:6)
  A wyvern skeleton (D:6)
  A scorpion (D:5)
  4 wights (D:6)
  A howler monkey (D:4)
  2 crimson imps
  2 centaur zombies
  A bullfrog zombie (D:6)
  A bullfrog skeleton (D:5)
  An orc wizard (D:3)
  Ijyb (D:5)
  2 worker ants (D:6)
  An iguana (D:6)
  3 ogre zombies (Ossuary)
  6 mummies
  A worker ant zombie (D:5)
  4 adders
  An ooze (D:2)
  8 adder zombies
  A dart slug (D:3)
  3 leopard geckos
  12 orcs
  5 giant cockroaches
  A gnoll zombie (Ossuary)
  6 goblins
  10 hobgoblins
  6 kobolds
  A quokka (D:4)
  7 bats
  6 frilled lizards
  A goblin zombie (Ossuary)
  A hobgoblin zombie (Ossuary)
  5 kobold zombies (Ossuary)
  A leopard gecko skeleton (D:4)
  6 quokka zombies (Ossuary)
  5 rats
  4 rat zombies (Ossuary)
132 creatures vanquished.

Vanquished Creatures (collateral kills)
  An ogre (D:5)
  A bullfrog (D:6)
  A troll zombie (Ossuary)
  A wight (D:6)
  An electric eel (D:6)
  A bullfrog zombie (D:6)
  A hound (D:4)
  2 mummies (Ossuary)
  Robin (D:2)
  An adder skeleton (D:4)
  A worm (D:3)
  6 orcs
  3 goblins (D:2)
  A hobgoblin (D:2)
  A quokka (D:2)
  A jackal skeleton (D:4)
24 creatures vanquished.

Vanquished Creatures (others)
  An orc wizard (D:3)
  2 plants (D:6)
3 creatures vanquished.

Grand Total: 159 creatures vanquished

Notes
Turn   | Place    | Note
-------+----------+-------------------------------------------
     0 | D:1      | grindst0ne the Barachi Transmuter began the quest for the Orb.
     0 | D:1      | Reached XP level 1. HP: 15/15 MP: 3/3
   411 | D:1      | Reached XP level 2. HP: 20/22 MP: 3/5
   417 | D:1      | Learned a level 2 spell: Sticks to Snakes
   957 | D:2      | Reached XP level 3. HP: 25/27 MP: 4/6
  1169 | D:2      | Found a basalt altar of Yredelemnul.
  1215 | D:2      | HP: 1/28 [quokka (2)]
  1707 | D:2      | Noticed Robin
  1726 | D:2      | Reached skill level 4 in Unarmed Combat
  1735 | D:2      | Killed Robin
  1735 | D:2      | Reached XP level 4. HP: 15/34 MP: 4/7
  1985 | D:2      | Learned a level 3 spell: Spider Form
  2001 | D:2      | Found a shimmering altar of Xom.
  2979 | D:3      | Found a radiant altar of Vehumet.
  2988 | D:3      | Found a deep blue altar of Sif Muna.
  2988 | D:3      | Found an ancient bone altar of Kikubaaqudgha.
  3013 | D:3      | Identified Vehumet's Grimoire of Attacks
  3121 | D:4      | Reached XP level 5. HP: 28/41 MP: 5/8
  3143 | D:4      | Found Pateovac's Assorted Antiques.
  3172 | D:4      | Found Radejacu's Antique Weapon Shoppe.
  3367 | D:4      | Found Ycugeos's General Store.
  3373 | D:4      | Bought a scroll of blinking for 75 gold pieces
  3373 | D:4      | Bought a scroll of identify for 20 gold pieces
  3580 | D:4      | Found Pedizea's Assorted Antiques.
  3773 | D:4      | Reached skill level 1 in Poison Magic
  4009 | D:5      | Entered Level 5 of the Dungeon
  4009 | D:5      | Noticed an ice beast
  4020 | D:5      | Noticed an ice beast
  4093 | D:5      | Reached XP level 6. HP: 46/48 MP: 9/9
  4125 | D:5      | Killed an ice beast
  4125 | D:5      | Reached skill level 5 in Unarmed Combat
  4209 | D:5      | Killed an ice beast
  4209 | D:5      | Reached XP level 7. HP: 22/55 MP: 3/10
  4412 | D:5      | Learned a level 1 spell: Magic Dart
  4542 | D:5      | Reached skill level 5 in Transmutations
  4680 | D:5      | Found a staircase to the Ecumenical Temple.
  4707 | Temple   | Entered the Ecumenical Temple
  4780 | Temple   | Became a worshipper of Ru the Awakened
  4876 | D:5      | Reached skill level 5 in Fighting
  4981 | D:5      | Found a hide-covered altar of Uskayaw.
  5026 | D:5      | Found an opulent altar of Gozag.
  5039 | D:5      | Noticed Ijyb
  5059 | D:5      | Killed Ijyb
  5094 | D:5      | Reached skill level 6 in Unarmed Combat
  5526 | D:6      | Reached XP level 8. HP: 38/64 MP: 1/11
  5555 | D:6      | Found a sparkling altar of Nemelex Xobeh.
  5599 | D:6      | Noticed Blork the orc
  5606 | D:6      | Killed Blork the orc
  5677 | D:6      | Found a glowing silver altar of Zin.
  5719 | D:6      | Noticed Prince Ribbit
  5729 | D:6      | Killed Prince Ribbit
  5776 | D:6      | Reached skill level 7 in Unarmed Combat
  5823 | D:6      | Noticed matakusis's ghost (amateur DESu)
  5834 | D:6      | Killed matakusis's ghost
  5940 | D:6      | Found a sand-covered staircase.
  5948 | Ossuary  | Entered an ossuary
  6191 | Ossuary  | Gained mutation: You are missing a hand. [Ru sacrifice]
  6191 | Ossuary  | Reached * piety under Ru
  6191 | Ossuary  | Reached ** piety under Ru
  6191 | Ossuary  | Reached *** piety under Ru
  7249 | Ossuary  | Reached XP level 9. HP: 42/72 MP: 5/12
  7304 | Ossuary  | Identified a scroll of acquirement
  7764 | D:6      | Reached skill level 8 in Unarmed Combat
  7769 | D:6      | Found a hazy altar of Hepliaklqana.
  8000 | D:6      | HP: 1/74 [electric eel/bolt of electricity (12)]
  8001 | D:6      | Killed from afar by an electric eel

Vault maps used:
D:1:      evilmike_arrival_rings, kennysheep_boxes
D:2:      lemuel_crystal_altar, tgw_xom, first_ration, serial_glass,
          glass_columns_a, glass_columns_c, item_on_display_a,
          item_on_display_a, corexii_leaking_fountain, uniq_robin
D:3:      grunt_temple_overflow_magic_moments
D:4:      corexii_shack_village, serial_shops, shop_fountains, shop, shop, shop,
          patterned_corridor
D:5:      nicolae_gozag_seed_capital, marbit_many_paths, temple_pool_b,
          uniq_ijyb
D:6:      lemuel_doored_altar, kennysheep_little_box, overflow_temple_1_default,
          tgw_fedhas, gup_ossuary_entry_pyramid, serial_bayou_lake_a,
          uniq_blork_the_orc, uniq_crazy_yiuf_cottage, uniq_prince_ribbit1
Temple:   compressed_dpeg_triangle_lava_temple
Ossuary:  ossuary_boxes_badplayer

Skill      XL: |  1  2  3  4  5  6  7  8  9 |
---------------+----------------------------+-----
Fighting       | 2 3 4 5 7 |  7.9
Transmutations | 3 4 5 7 |  7.5
Unarmed Combat | 4 5 6 7 8 |  8.0
Poison Magic   | 1 2 |  2.0
Dodging        | |  2.1
Spellcasting   | |  2.1

Action                   |  1- 3 |  4- 6 |  7- 9 || total
-------------------------+-------+-------+-------++-------
Melee: Unarmed           |   122 |   130 |   317 ||   569
       Headbutt          |     5 |       |       ||     5
       Kick              |    12 |    23 |     3 ||    38
       Punch             |       |     5 |     2 ||     7
 Cast: Beastly Appendage |    23 |    21 |     5 ||    49
       Sticks to Snakes  |     8 |    41 |    52 ||   101
       Spider Form       |       |       |    46 ||    46
Invok: Sacrifice a Hand  |       |       |     1 ||     1
 Abil: Hop               |       |     1 |       ||     1
  Use: Potion            |     5 |       |     4 ||     9
       Scroll            |       |     9 |     8 ||    17
 Stab: Distracted        |     1 |       |     5 ||     6
       Sleeping          |       |     1 |     5 ||     6
  Eat: Chunk             |     3 |    11 |     8 ||    22
       Ration            |       |     1 |     4 ||     5
Armor: Robe              |     4 |       |       ||     4
       Leather armour    |    34 |    42 |    13 ||    89
       Skin              |       |       |     5 ||     5
Dodge: Dodged            |    89 |    79 |   262 ||   430

Table legend:
 A = Spawn XP
 B = Non-spawn XP
 C = Spawn XP percentage of total XP
 D = Spawn monster count
 E = Non-spawn monster count
 F = Spawn count percentage of total count
 G = Total turns spent on level
                    A         B        C        D         E        F      G
               +---------+---------+-------+---------+---------+-------+---------
         Total |       0 |    2779 |   0.0 |       0 |     157 |   0.0 |  8001
               +---------+---------+-------+---------+---------+-------+---------
           D:1 |       0 |      16 |   0.0 |       0 |      10 |   0.0 |   855
           D:2 |       0 |      70 |   0.0 |       0 |      32 |   0.0 |  1214
           D:3 |       0 |      60 |   0.0 |       0 |      13 |   0.0 |  1039
           D:4 |       0 |     126 |   0.0 |       0 |      23 |   0.0 |   961
           D:5 |       0 |     866 |   0.0 |       0 |      17 |   0.0 |  1278
           D:6 |       0 |    1283 |   0.0 |       0 |      25 |   0.0 |  1200
       Ossuary |       0 |     358 |   0.0 |       0 |      37 |   0.0 |  1362
               +---------+---------+-------+---------+---------+-------+---------
